 Dungeon Crawl Stone Soup version 0.31-a0-810-ga77100ea1a (webtiles) character file.

Game seed: 5138082004004992941

25960 Danienth the Nimble (level 12, -7/61 HPs)
             Began as a Felid Shapeshifter on Sept 21, 2023.
             Was an Initiate of Gozag.
             Killed from afar by a manticore (10 damage)
             ... with a volley of spikes
             ... on level 3 of the Lair of Beasts.
             The game lasted 01:03:49 (14711 turns).

Danienth the Nimble (Felid Shapeshifter)           Turns: 14711, Time: 01:03:51

Health: -7/61      AC:  5    Str: 12    XL:     12   Next: 94%
Magic:  14/14      EV: 33    Int: 13    God:    Gozag
Gold:   1682       SH:  5    Dex: 17    Spells: 14/15 levels left
                                        Lives:  0   Deaths: 4

rFire   + .          .
                       - Unarmed
rCold   + . .        (shield unavailable)
rNeg    . . .        (body armour unavailable)
rPois   .            (helmet unavailable)
rElec   .            (cloak unavailable)
rCorr   .            (gloves unavailable)
SInv    +            (boots unavailable)
Will    +....        e - amulet of reflection
Stlth   +++++        d - +5 ring of evasion
HPRegen 0.30/turn    (no ring)
MPRegen 0.14/turn

%: reflection
@: mighty, beast-form, spiked, studying Fighting, invisible, quick
A: beast (slay +4), very small, claws 1, fangs 3, see invisible, speed 1, shaggy
fur 3, stealthy paws, no weapons or thrown items, no armour, multi-lived,
iridescent scales 1, fire resistance 1, low MP 1
a: Begin Untransformation, Renounce Religion, Potion Petition, Call Merchant,
Bribe Branch


You were on level 3 of the Lair of Beasts.
You worshipped Gozag.
Gozag was most pleased with you.
You were a hulking beast.
You visited 3 branches of the dungeon, and saw 14 of its levels.

You collected 4383 gold pieces.
You paid 2701 gold pieces to Gozag.

Inventory:

Jewellery
 d - a +5 ring of evasion (left paw)
 e - an amulet of reflection (around neck)
 h - a ring of fire
Talismans
 b - a beast talisman (active)
 m - a flux talisman
Wands
 c - a wand of paralysis (18)
 n - a wand of quicksilver (5)
 o - a wand of digging (9)
 r - a wand of roots (1)
Scrolls
 i - 4 scrolls of identify
 j - 4 scrolls of vulnerability
 k - 3 scrolls of enchant armour {unknown}
 l - 5 scrolls of immolation
 s - 2 scrolls of poison
 v - a scroll of revelation {unknown}
Potions
 a - 2 potions of lignification
 f - a potion of enlightenment
 g - 3 potions of cancellation
 p - a potion of degeneration
 q - 3 potions of attraction
 t - a potion of mutation
 u - a potion of brilliance
 w - a potion of magic {unknown}


   Skills:
 - Level 12.3 Fighting
 * Level 14.9 Dodging
 * Level 13.1 Stealth
 - Level 11.4 Unarmed Combat
 - Level 2.0 Spellcasting
 - Level 3.0 Conjurations
 - Level 8.0 Shapeshifting


You had 14 spell levels left.
You knew the following spells:

 Your Spells              Type           Power      Damage    Failure   Level
a - Magic Dart            Conj           36%        1d4       7%          1

Your spell library contained the following spells:

 Spells                   Type           Power      Damage    Failure   Level
 Searing Ray              Conj           18%        2d5       11%         2
 Shock                    Conj/Air       20%        1d4       14%         1
 Momentum Strike          Conj/Tloc      10%        3d8       21%         2
 Slow                     Hex            4%         N/A       26%         1
 Call Imp                 Summ           2%         N/A       36%         2
 Cigotuvi's Dreadful Rot  Necr/Pois/Air  2%         N/A       36%         2
 Scorch                   Fire           2%         2d5       36%         2
 Dazzling Flash           Conj/Hex       10%        N/A       38%         3
 Confusing Touch          Hex            1%         N/A       58%         3
 Sigil of Binding         Hex            1%         N/A       58%         3
 Summon Guardian Golem    Hex/Summ       1%         N/A       58%         3
 Swiftness                Air            1%         N/A       58%         3
 Vampiric Draining        Necr           1%         2d6       58%         3
 Volatile Blastmotes      Fire/Tloc      2%         2d10      58%         3
 Flame Wave               Conj/Fire      5%         2d5       80%         4
 Fulminant Prism          Conj/Hex       2%         3d5       80%         4
 Airstrike                Air            0%         2d(1-17)  94%         4
 Vhi's Electric Charge    Tloc/Air       2%         N/A       94%         4
 Arcjolt                  Conj/Air       2%         1d12      98%         5
 Agony                    Necr           1%         N/A       100%        5
 Silence                  Hex/Air        0%         N/A       100%        5
 Summon Forest            Summ/Tloc      0%         N/A       100%        5
 Yara's Violent Unravell  Hex/Tmut       0%         3d3       100%        5
 Summon Cactus Giant      Summ           0%         N/A       100%        6
 Orb of Destruction       Conj           4%         9d5       100%        7
 Spellforged Servitor     Conj/Summ      2%         N/A       100%        7
 Maxwell's Capacitive Co  Air            0%         ∞         100%        8
 Summon Horrible Things   Summ           0%         N/A       100%        8


Dungeon Overview and Level Annotations

Branches:
Dungeon (10/15)            Temple (1/1) D:6            Lair (3/5) D:10
 Shoals (0/4) Lair:3       Spider (0/4) Lair:2
    Orc: D:9-12

Altars:
Ashenzari
Cheibriados
Dithmenos
Elyvilon
Fedhas
Gozag
Hepliaklqana
Kikubaaqudgha
Makhleb
Nemelex Xobeh
Okawaru
Qazlal
Ru
Sif Muna
Trog
Uskayaw
Vehumet
Wu Jian
Xom
Yredelemnul
Zin
The Shining One

Shops:
D:3 [

Annotations:
D:8 Amaemon
D:10 Psyche


Innate Abilities, Weirdness & Mutations

You are a hulking beast.
Your limbs bulge with bestial killing power. (Slay +4)
You have sharp claws.
You have razor-sharp teeth.
You have supernaturally acute eyesight. (SInv)
You cover ground quickly. (Speed+)
Your thick and shaggy fur keeps you warm. (AC +3, rC+)
Your paws help you pounce on unaware monsters.
You are incapable of wielding weapons or throwing items.
You cannot wear armour.
You gain extra lives every three experience levels.
You are partially covered in iridescent scales. (AC +2)
Your flesh is heat resistant. (rF+)
Your magical capacity is low. (-10% MP)


Message History

The wind drake flaps its wings at you. The air twists around and strikes you!
You are too injured to fight recklessly!
You are too injured to fight recklessly!
You are too injured to fight recklessly!
You are too injured to fight recklessly!
You are too injured to fight recklessly!
You are too injured to fight recklessly!
Attack: -) Teeth and claws
Press: ? - help, Dir - move target, f - wind drake
Aim: a wind drake (heavily wounded, repelling missiles, about 33% to evade your paws)
You closely miss the wind drake.
The wind drake is heavily wounded.
The manticore misses you. The manticore completely misses you.
The manticore closely misses you.
The wind drake exhales a fierce blast of wind!
You are knocked back by the gust of wind.
As you read the scroll of identify, it crumbles to dust.
u - a potion of brilliance The wind drake flaps its wings at you.
The air twists around and strikes you!!
* * * LOW HITPOINT WARNING * * *
The manticore flicks its tail.
The volley of spikes misses you.
The air fills with toxic fumes!
As you read the scroll of poison, it crumbles to dust.
Okay, then. [a] - 522 gold - haste, might and brilliance [b] - 330 gold - curing and magic [c] - 312 gold - invisibility and might Purchase which effect?
You fade into invisibility!
You feel very mighty all of a sudden.
The wind drake is poisoned.
The manticore is engulfed in poison gas.
The manticore is poisoned.
The manticore flicks its tail.
The volley of spikes hits you!
The barbed spikes become lodged in your body.
You die...
Your body crumbles into a pile of gold.

##........# ##..§§§..##
#...§§§...# ##..§§§§.##
##..§§§§§# ## ##
#P..§§§§§#########§###..#
#...§§§§§§§§§§§§§§§......
##..§§§§§§§§§§§§§§§......
#...§§§§§§§h§§§H.§§......
#P..§§§§§§§§§§k§.§§>.....
##..§§§§§§§§§§§§§§§......
#..§§§§§§§§§§§§§§§......
#..§§§§§§§§§§§§§§§......
##<.§§§§§§§##§§§§P#####.#
#...§§§§§§§######## #
###..§§§§§§# #.#........#


You could see a wind drake (wandering, repels missiles, unable to see you,
poisoned) and a manticore (unable to see you, poisoned).

Vanquished Creatures
  Gastronok (Lair:3)
  2 two-headed ogres (D:9)
  Erica (D:8)
  A death yak (D:10)
  Pikel (D:8)
  A wolf spider (Lair:2)
  Joseph (D:9)
  9 elephants
  Maurice (D:8)
  A black mamba (Lair:2)
  2 cane toads
  A rime drake (Lair:2)
  2 komodo dragons
  A polar bear (Lair:3)
  3 trolls
  Prince Ribbit (D:8)
  3 blink frogs (Lair:2)
  A shadow (D:10)
  A wraith (D:9)
  4 wyverns
  A basilisk (Lair:2)
  48 yaks
  10 water moccasins
  3 black bears
  An ice beast (D:6)
  4 orc warriors
  2 sky beasts
  3 centaurs
  9 wolves (Lair:1)
  2 lemures (D:8)
  3 phantoms
  A kobold brigand (D:7)
  15 bullfrogs
  A gnoll sergeant (D:9)
  A scorpion (D:5)
  6 wights
  8 killer bees
  10 howler monkeys
  4 jellies
  7 orc priests
  4 hounds
  A gnoll bouda (D:10)
  3 iguanas
  2 sleepcaps
  14 orc wizards
  6 hell rats
  14 gnolls
  9 adders
  A river rat (D:10)
  A shadow imp (D:6)
  3 white imps
  A worm (D:2)
  3 dart slugs
  32 orcs
  8 ball pythons
  7 endoplasms
  3 giant cockroaches
  8 goblins
  12 hobgoblins
  4 jackals (D:1)
  6 kobolds
  5 quokkas
  4 bats
  2 frilled lizards
  5 rats
335 creatures vanquished.

Vanquished Creatures (others)
  An orc wizard (D:4)
  An orc (D:8)
2 creatures vanquished.

Grand Total: 337 creatures vanquished

Notes
Turn   | Place    | Note
-------+----------+-------------------------------------------
     0 | D:1      | Danienth the Felid Shapeshifter began the quest for the
                  | Orb.
     0 | D:1      | Reached XP level 1. HP: 9/9 MP: 2/2
   104 | D:1      | Reached skill level 1 in Stealth
   104 | D:1      | Reached XP level 2. HP: 7/12 MP: 3/3
   182 | D:1      | Reached skill level 3 in Dodging
   663 | D:2      | Reached XP level 3. HP: 15/15 MP: 4/4
   983 | D:2      | Reached XP level 4. HP: 19/19 MP: 4/6
  1030 | D:2      | Slain by a gnoll
  1131 | D:2      | Reached skill level 1 in Spellcasting
  1133 | D:2      | Learned a level 1 spell: Magic Dart
  1351 | D:3      | You fall into a shaft and drop 3 floors!
  1360 | D:6      | Noticed a bullfrog
  1360 | D:6      | Noticed a bullfrog
  1488 | D:6      | Reached XP level 5. HP: 19/22 MP: 7/7
  1508 | D:6      | Reached skill level 4 in Dodging
  1508 | D:6      | Reached skill level 5 in Unarmed Combat
  1557 | D:6      | Found a staircase to the Ecumenical Temple.
  1569 | Temple   | Entered the Ecumenical Temple
  1609 | Temple   | Became a worshipper of Gozag Ym Sagoz the Greedy
  1706 | D:6      | Noticed a black bear
  1788 | D:6      | Gained mutation: You are covered in thick fur. (AC +2)
                  | [Felid growth]
  1788 | D:6      | Reached XP level 6. HP: 19/26 MP: 8/8
  1824 | D:5      | Entered Level 5 of the Dungeon
  1824 | D:5      | Noticed a water moccasin
  1826 | D:5      | Killed a water moccasin
  1889 | D:5      | Noticed an orc warrior
  2170 | D:6      | Reached XP level 7. HP: 30/30 MP: 9/9
  2462 | D:6      | Gained mutation: Your flesh is heat resistant. (rF+)
                  | [potion of mutation]
  2462 | D:6      | Gained mutation: Your magical capacity is low. (-10% MP)
                  | [potion of mutation]
  2462 | D:6      | Gained mutation: You are partially covered in iridescent
                  | scales. (AC +2) [potion of mutation]
  2503 | D:5      | Reached skill level 1 in Conjurations
  2667 | D:5      | Reached skill level 5 in Dodging
  2785 | D:5      | Reached XP level 8. HP: 34/34 MP: 9/9
  2789 | D:5      | Reached skill level 5 in Stealth
  4315 | D:3      | Found Enlelam's Armour Shop.
  4549 | D:3      | Reached skill level 6 in Dodging
  5512 | D:7      | Found a shimmering altar of Xom.
  5566 | D:7      | Got a foxed book
  5577 | D:7      | Identified a scroll of acquirement
  5580 | D:7      | Reached XP level 9. HP: 39/39 MP: 11/11
  5592 | D:7      | Reached skill level 7 in Dodging
  5679 | D:7      | Acquired a manual of Fighting
  5941 | D:7      | Reached skill level 5 in Fighting
  5941 | D:7      | Reached skill level 8 in Dodging
  6175 | D:7      | Reached skill level 5 in Shapeshifting
  6180 | D:7      | Slain by a yak
  6343 | D:7      | Got a graven book
  6386 | D:7      | Reached XP level 10. HP: 30/46 MP: 12/12
  6460 | D:7      | Found a broken altar of Ashenzari.
  6462 | D:7      | Found a bloodstained altar of Trog.
  7012 | D:8      | Noticed Maurice
  7027 | D:8      | Maurice stole a flux talisman
  7035 | D:8      | Killed Maurice
  7109 | D:8      | Reached skill level 9 in Dodging
  7250 | D:8      | Noticed Pikel
  7281 | D:8      | Killed Pikel
  7342 | D:8      | Noticed Prince Ribbit
  7352 | D:8      | Killed Prince Ribbit
  7432 | D:8      | Noticed Erica
  7436 | D:8      | Killed Erica
  7494 | D:8      | Noticed Amaemon
  7495 | D:8      | Noticed an orange demon
  7508 | D:8      | Slain by Amaemon
  8041 | D:9      | Reached skill level 10 in Dodging
  8687 | D:9      | Noticed Joseph
  8707 | D:9      | Killed Joseph
  8708 | D:9      | Reached XP level 11. HP: 33/52 MP: 13/13
  8965 | D:9      | Noticed a two-headed ogre
  8972 | D:9      | Killed a two-headed ogre
  8973 | D:9      | Reached skill level 10 in Unarmed Combat
  9268 | D:9      | Reached skill level 10 in Fighting
  9579 | D:10     | Entered Level 10 of the Dungeon
  9923 | D:10     | Noticed a death yak
  9926 | D:10     | Found a staircase to the Lair.
  9928 | D:10     | Noticed a death yak
  9929 | D:10     | Noticed a death yak
  9930 | D:10     | Killed a death yak
  9947 | D:10     | Noticed a two-headed ogre
  9973 | D:9      | Killed a two-headed ogre
 10538 | D:10     | Noticed a centaur warrior
 10538 | D:10     | Noticed Psyche
 10548 | D:10     | Noticed a white ugly thing
 10684 | D:10     | HP: 2/57 [death yak (6)]
 10686 | D:10     | Slain by a basilisk
 10706 | Lair:1   | Entered Level 1 of the Lair of Beasts
 11505 | Lair:1   | Reached skill level 10 in Stealth
 11774 | Lair:1   | Gained mutation: Your thick and shaggy fur keeps you warm.
                  | (AC +3, rC+) [Felid growth]
 11774 | Lair:1   | Reached XP level 12. HP: 61/61 MP: 14/14
 12050 | Lair:2   | Reached skill level 11 in Dodging
 12427 | Lair:2   | Acquired 821 gold pieces
 12434 | Lair:2   | Found a hole to the Spider Nest.
 12574 | Lair:1   | Reached skill level 12 in Dodging
 13089 | Lair:2   | Reached skill level 13 in Dodging
 13698 | Lair:3   | Reached skill level 14 in Dodging
 14334 | Lair:3   | Noticed Gastronok
 14350 | Lair:3   | Killed Gastronok
 14697 | Lair:3   | Found a staircase to the Shoals.
 14709 | Lair:3   | HP: 2/61 [wind drake/the air (28)]
 14711 | Lair:3   | Killed from afar by a manticore

Illustrated notes

Levels and vault maps discovered:
D:1:      dpeg_arrival_round_c, layout_basic, minmay_tromino_v7
D:2:      layout_rooms, minmay_cut_off
D:3:      layout_basic, serial_shops, shop
D:4:      layout_basic, minmay_circle_x
D:5:      kennysheep_six_static_rooms, layout_rooms, kennysheep_generic_room_9
D:6:      layout_basic, minmay_temple_entry_junction
D:7:      layout_layer_cave, jmf_multi_god_temple, mainiacjoe_overflow_alcove_1
D:8:      layout_basic, uniq_pikel, uniq_amaemon, uniq_erica,
          uniq_prince_ribbit1, uniq_maurice
D:9:      layout_stronghold, grunt_ministairs_13, uniq_joseph
D:10:     minmay_the_grid_octo_triangle [minmay_the_grid_octo_fat_diamond,
          minmay_the_grid_octo_prize_big_c, minmay_the_grid_octo_horde],
          layout_stronghold, dpeg_lair_monsters, uniq_psyche
Temple:   hellmonk_temple_of_storms
Lair:1:   layout_gridlike, infiniplex_staircase_pool_2
Lair:2:   layout_cave_pods, spider_nest_entry_rubble
Lair:3:   layout_big_grid, minmay_shoals_entry_beasts, uniq_gastronok

Skill      XL: |  1  2  3  4  5  6  7  8  9 10 11 12 |
---------------+-------------------------------------+-----
Stealth        | 1 2 3 4 6 7 10 13 | 13.1
Dodging        | 3 4 5 6 8 10 14 | 14.9
Unarmed Combat | 4 5 6 7 8 9 11 | 11.4
Spellcasting   | 1 2 |  2.0
Fighting       | 2 3 6 8 12 | 12.3
Conjurations   | 1 3 |  3.0
Shapeshifting  | 6 8 |  8.0

Action                     |  1- 3 |  4- 6 |  7- 9 | 10-12 || total
---------------------------+-------+-------+-------+-------++-------
  Melee: Unarmed           |    81 |    82 |   336 |   733 ||  1232
         Bite              |     8 |     6 |    36 |   101 ||   151
         Punch             |     3 |     2 |    12 |    66 ||    83
   Cast: Magic Dart        |       |     3 |     6 |    58 ||    67
 Invoke: Potion Petition   |       |       |       |     6 ||     6
    Use: Scroll            |     1 |     6 |    11 |     6 ||    24
         Potion            |       |     3 |     3 |     1 ||     7
   Stab: Sleeping          |     1 |     2 |    23 |    14 ||    40
         Distracted        |       |     1 |     2 |     7 ||    10
 Armour: Skin              |    25 |    20 |    57 |   188 ||   290
  Dodge: Dodged            |    65 |    80 |   251 |   654 ||  1050
  Block: Other             |       |       |    53 |   157 ||   210
         Reflection        |       |       |     1 |     2 ||     3

Table legend: (Time is in decaauts)
 A = Elapsed time spent in this place.
 B = Non-inter-level travel time spent in this place.
 C = Inter-level travel time spent in this place.
 D = Time resting spent in this place.
 E = Time spent auto-exploring this place.
 F = Levels seen in this place.
 G = Mean time per level.
                   A        B        C        D        E       F      G
               +--------+--------+--------+--------+--------+-----+--------+
         Total |  12795 |  12238 |    557 |   2229 |   7784 |  14 |  913.9 |
       Dungeon |   9200 |   8764 |    436 |   1345 |   5771 |  10 |  920.0 |
        Temple |     41 |      2 |     39 |      0 |      0 |   1 |   41.0 |
          Lair |   3552 |   3470 |     82 |    884 |   2013 |   3 | 1184.0 |
               +--------+--------+--------+--------+--------+-----+--------+

Top non-repeatable levels by time:
     D:9: 1552 daAuts
  Lair:2: 1498 daAuts
     D:6: 1302 daAuts
     D:7: 1300 daAuts
  Lair:1: 1286 daAuts
     D:4: 927 daAuts
     D:8: 903 daAuts
    D:10: 820 daAuts
  Lair:3: 767 daAuts
     D:2: 679 daAuts
     D:3: 599 daAuts
     D:5: 577 daAuts
     D:1: 536 daAuts
  Temple: 41 daAuts
